AoeStats
← rondelok

Arena

505739986Analyzed
2v2 RM · 20d ago on Sep 10, 2026· 38m 36s· 4 players
Game mode
Random Map
Map size
Medium (4 player)
Population
200
Speed
Normal
Resources
Standard
Victory
Conquest
Starting age
Dark Age
Ending age
Imperial Age
RankedLock teamsTeams togetherTeam positionsShared explorationLock speedFull tech treeHidden civsTurbo modeCheats
Victory
Defeat
🇪🇪 Magyars · Estonia
894
+10
🇪🇪 Vietnamese · Estonia
652
+19
🇹🇷 Teutons · Türkiye
751
-15
🇪🇸 Britons · Spain
726
-14
metinyus5
11:42 Feudal Age
12:27 Double-Bit Axe
12:31 Horse Collar
20:12 Castle Age
21:23 Bow Saw
21:16 Heavy Plow
21:53 Wheelbarrow
21:03 Loom
21:04 Town Watch
22:23 Gold Mining
25:39 Pikeman
26:19 Squires
26:05 Arson
25:46 Crossbowman
27:19 Hand Cart
28:06 Forging
27:57 Scale Mail Armor
34:01 Iron Casting
35:54 Elite Skirmisher
38:38 Padded Archer Armor
38:29 Fletching
pau.ajenjo
12:00 Feudal Age
12:27 Double-Bit Axe
12:34 Horse Collar
18:36 Stone Mining
18:39 Gold Mining
rondelok
12:05 Feudal Age
16:12 Castle Age
14:43 Double-Bit Axe
15:58 Loom
19:11 Gold Mining
23:21 Scale Barding Armor
25:47 Wheelbarrow
25:56 Chain Barding Armor
27:08 Fletching
28:21 Hand Cart
28:23 Bloodlines
28:23 Husbandry
29:38 Town Watch
30:35 Corvinian Army
38:09 Bow Saw
37:44 Horse Collar
kaspko
1:00 Loom
13:35 Feudal Age
16:29 Double-Bit Axe
17:14 Horse Collar
19:31 Fletching
26:11 Castle Age
25:43 Padded Archer Armor
26:54 Forging
26:45 Scale Mail Armor
26:34 Elite Skirmisher
29:21 Thumb Ring
28:48 Crossbowman
38:52 Bodkin Arrow
39:13 Leather Archer Armor
Connection lost

Rejoining the realm…

Still unreachable

The connection could not be restored.

Session expired

The server has moved on; the page needs a fresh start.